 Dungeon Crawl Stone Soup version 0.16-a0-2675-g216447c (webtiles) character file.

71872 PolkaDot the Summoner (level 14, 0/100 HPs)
             Began as a Vampire Summoner on Nov 24, 2014.
             Was the Champion of Sif Muna.
             Slain by a long sword of holy wrath (3 damage)
             ... on level 2 of the Elven Halls on Nov 25, 2014.
             The game lasted 03:56:35 (35248 turns).

PolkaDot the Summoner (Vampire Summoner)           Turns: 35248, Time: 03:56:35

Health: 0/100      AC: 16    Str: 10    XL:     14   Next: 99%
Magic:  4/29       EV: 16    Int: 21    God:    Sif Muna [******]
Gold:   2396       SH:  4    Dex: 17    Spells: 10 memorised, 1 level left

rFire  . . .     SeeInvis +     H - staff of air
rCold  . . .     Clarity  .     g - +2 troll leather armour
rNeg   + . .     SustAb   .     T - +0 buckler "Puloxzo" {rPois MR+ SInv}
rPois  +         Gourm    .     G - +2 helmet
rElec  +         Spirit   .     h - +2 cloak
rCorr  .         Warding  .     J - +1 pair of gloves {archery}
rMut   .         Stasis   .     S - +0 pair of boots
MR     +++..                    Z - amulet of regeneration (curse)
Stlth  ++........               e - ring "Ixysonei" {Wiz rN+ Slay+2 SInv}
                                K - ring "Gice" {MR+ Str+1 Dex+3}

@: regenerating quickly, repel missiles, extremely resistant to hostile
enchantments, unstealthy
A: bottle blood, fangs 3, repulsion field 1, molten scales 1, see invisible, low
mp 1, screaming 1, strong 1, unbreathing, MP-powered wands 1
a: Channel Energy, Forget Spell, Renounce Religion


You were on level 2 of the Elven Halls.
You worshipped Sif Muna.
Sif Muna was exalted by your worship.
You were very full.

You visited 5 branches of the dungeon, and saw 28 of its levels.
You visited 1 bazaar.
You also visited: Ice Cave.

You collected 3549 gold pieces.
You spent 1153 gold pieces at shops.

Inventory:

Missiles
 d - a throwing net
 j - 45 tomahawks (quivered)
 w - 4 silver tomahawks
 F - 7 javelins
 M - 8 tomahawks of returning
Armour
 g - a +2 troll leather armour (worn)
 h - a +2 cloak (worn)
 G - a +2 helmet (worn)
 J - a +1 pair of gloves of archery (worn)
 S - a +0 pair of boots (worn)
 T - the +0 buckler "Puloxzo" (worn) {rPois MR+ SInv}
   (You bought it in a shop on level 4 of the Orcish Mines)

   It protects you from poison.
   It affects your resistance to hostile enchantments.
   It enhances your eyesight.
Magical staves
 H - an uncursed staff of air (weapon)
Jewellery
 e - the ring "Ixysonei" (right hand) {Wiz rN+ Slay+2 SInv}
   (You found it on level 10 of the Dungeon)

   [ring of wizardry]

   It improves your spell success rate.
   It affects your accuracy and damage with ranged weapons and melee attacks
   (+2).
   It protects you from negative energy.
   It enhances your eyesight.
 k - an uncursed ring of magical power
 E - an uncursed ring of sustain abilities
 K - the ring "Gice" (left hand) {MR+ Str+1 Dex+3}
   (You bought it in a shop on level 8 of the Dungeon)

   [ring of protection from magic]

   It affects your strength (+1).
   It affects your dexterity (+3).
   It affects your resistance to hostile enchantments.
 Q - an uncursed amulet of resist corrosion
 Z - a cursed amulet of regeneration (around neck)
Magical devices
 b - a wand of heal wounds (4)
 r - a wand of digging (4)
 v - a wand of cold (5)
 y - a wand of heal wounds (1)
 D - a wand of disintegration (1)
 X - a wand of fire (9)
Scrolls
 l - 6 scrolls of magic mapping
 n - 2 scrolls of amnesia
 p - 6 scrolls of enchant weapon
 q - a scroll of fog
 t - a scroll of torment
 u - 3 scrolls of recharging
 z - 13 scrolls of remove curse
 A - a scroll of brand weapon
 I - a scroll of immolation
 L - 8 scrolls of identify
 N - 4 scrolls of teleportation
 O - a scroll of enchant armour
Potions
 a - a potion of berserk rage {unknown}
 c - 4 potions of might
 i - 2 potions of restore abilities
 m - 2 potions of flight
 o - a potion of brilliance
 s - a potion of resistance
 B - 2 potions of curing
 R - 19 potions of blood {@*1}
 V - 3 potions of cancellation
 Y - 2 potions of agility
Books
 f - Sif Muna's Papyrus of Creation
   (Sif Muna gifted it to you on level 3 of the Lair of Beasts)

   Spells                             Type                      Level
   *Summon Butterflies                Summoning                    1
   Recall                             Summoning/Translocation      3
   Abjuration                         Summoning                    3
   Forceful Dismissal                 Summoning                    6
 x - Sif Muna's Compendium of Weightlessness
   (Sif Muna gifted it to you on level 4 of the Lair of Beasts)

   Spells                             Type                      Level
   Airstrike                          Air                          4
   Lightning Bolt                     Conjuration/Air              5
   Silence                            Hexes/Air                    5
   Deflect Missiles                   Charms/Air                   6
 P - the Grimoire of Twisted Talismans
   (You found it on level 2 of the Elven Halls)

   Spells                             Type                      Level
   Infusion                           Charms                       1
   Song of Slaying                    Charms                       2
   *Repel Missiles                    Charms/Air                   2
   *Blink                             Translocation                2
   Dispersal                          Translocation                6
   Controlled Blink                   Translocation                7
 U - Sif Muna's Tome of Good Luck
   (Sif Muna gifted it to you on level 8 of the Lair of Beasts)

   Spells                             Type                      Level
   Infusion                           Charms                       1
   Sure Blade                         Hexes/Charms                 2
   Control Teleport                   Charms/Translocation         4
   *Haste                             Charms                       6
   Deflect Missiles                   Charms/Air                   6


   Skills:
 - Level 6.1 Fighting
 - Level 6.3 Dodging
 - Level 3.0 Stealth
 + Level 11.2 Spellcasting
 - Level 6.5 Hexes
 * Level 9.5 Charms
 - Level 13.4 Summonings
 - Level 5.3 Necromancy
 - Level 5.0 Translocations
 - Level 5.1 Ice Magic
 - Level 8.5 Air Magic
 - Level 6.5 Invocations
 - Level 6.4 Evocations


You had one spell level left.
You knew the following spells:

 Your Spells              Type           Power        Failure   Level  Hunger
b - Summon Butterflies    Summ           ######..     1%          1    None
d - Call Canine Familiar  Summ           ######..     1%          3    None
g - Summon Guardian Gole  Hex/Summ       ######..     1%          4    #......
i - Summon Ice Beast      Ice/Summ       ######..     1%          4    #......
l - Summon Lightning Spi  Summ/Air       ######..     1%          4    #......
q - Blink                 Tloc           N/A          1%          2    None
r - Regeneration          Chrm/Necr      #####.....   1%          3    None
v - Summon Mana Viper     Hex/Summ       ######..     2%          5    ####...
D - Repel Missiles        Chrm/Air       ######       1%          2    None
H - Haste                 Chrm           ######..     14%         6    ######.


Dungeon Overview and Level Annotations

Branches:
Dungeon (13/15)            Temple (1/1) D:6            Lair (8/8) D:8
 Shoals (0/5) Lair:6       Spider (0/5) Lair:4        Slime (0/6) Lair:7
    Orc (4/4) D:10            Elf (2/3) Orc:4        Vaults (0/5) D:13

Altars:
Ashenzari
Cheibriados
Dithmenos
Elyvilon
Fedhas
Gozag
Kikubaaqudgha
Makhleb
Nemelex Xobeh
Okawaru
Qazlal
Ru
Sif Muna
Trog
Vehumet
Xom
Yredelemnul
Zin
The Shining One
Beogh
Jiyva

Shops:
D:8 }(?%=   D:13 (   Orc:2 (   Orc:4 [(*   Elf:1 (

Annotations:
D:9 runed door
Elf:2 runed door


Innate Abilities, Weirdness & Mutations

Your natural rate of healing is unusually fast.
You can bottle blood from corpses.
You have razor-sharp teeth.
You have supernaturally acute eyesight.
You can survive without breathing.
You are surrounded by a mild repulsion field (EV +2).
You are partially covered in molten scales (AC +1).
Your magical capacity is low (-10% MP).
You occasionally shout uncontrollably at your foes.
Your muscles are strong. (Str +2)
You expend magic power (6 MP) to slightly strengthen your wands.


Message History

The executioner's axe of distortion hits your mana viper!!
Space bends around your mana viper.
The executioner's axe of distortion hits your ice beast!!
Space bends around your ice beast.
The executioner's axe of distortion hits your mana viper.
Space warps horribly around your mana viper!
The long sword of holy wrath hits you!
* * * LOW HITPOINT WARNING * * *
You convulse!
* * * LOW HITPOINT WARNING * * *
The deep elf priest shoots an arrow.
The arrow completely misses your deep elf mage.
The arrow misses the long sword of holy wrath.
The arrow hits you but does no damage.
Drink which item? (? for menu, Esc to quit)
Okay, then.
The long sword of holy wrath hits you.
* * * LOW HITPOINT WARNING * * *
You convulse.
You die...

........).8....##
####
.......((.......##
.................#
.....e.........##
............h.##
..........eS.S##
.........e..Y.##
.........e.((..#
...........@..##
.........))...##
..........#..)##
.........###..(##
........## ##...#
........###...##
.........#...##
.............##
######
.............##
####....###


You could see a deep elf priest, 2 dancing weapons, a friendly deep elf
annihilator, 2 friendly mana vipers, a friendly warg, a friendly ice beast and a
friendly deep elf mage.

Vanquished Creatures
  Asterion (Elf:1)
  A deep elf summoner (Elf:2)
  A hill giant (D:10)
  An orc knight (Orc:4)
  A griffon (Lair:7)
  A cyclops (Orc:4)
  A komodo dragon (Lair:5)
  A spiny frog (Lair:7)
  A queen bee (Lair:3)
  A redback (Elf:2)
  A shadow (D:9)
  2 deep elf magi (Elf:2)
  A hog (Elf:1)
  2 humans (D:13)
  5 yaks (Lair:8)
  2 deep elf fighters (Elf:1)
  A hippogriff (Lair:7)
  2 hungry ghosts
  2 water moccasins
  A warg (Orc:3)
  3 ice beasts
  6 orc warriors
  8 porcupines
  A phantom (D:4)
  An eye of draining (D:8)
  6 ogres
  2 big kobolds (D:11)
  5 centaurs
  5 crocodiles
  13 giant frogs
  A jelly (D:9)
  19 killer bees
  A crimson imp (D:6)
  10 orc priests
  17 orc wizards
  A giant frog skeleton (D:12)
  A giant frog zombie (D:6)
  3 hounds
  2 centaur skeletons
  A draconian simulacrum (IceCv)
  Natasha (thrice) (D:4)
  6 iguanas
  3 worker ants
  A sheep (Lair:4)
  A hound zombie (D:8)
  2 hound skeletons
  21 adders
  4 gnolls
  7 river rats
  A giant mite (D:5)
  A shadow imp (D:6)
  An orc zombie (Orc:4)
  An adder zombie (D:9)
  2 giant geckos
  2 oozes
  110 orcs
  7 bats
  A bat skeleton (D:4)
  A bat zombie (D:4)
  6 giant cockroaches
  9 hobgoblins
  14 jackals
  8 quokkas
  2 ball pythons
  A giant gecko skeleton (D:7)
  5 giant newts
  12 goblins
  26 kobolds
  8 rats
  9 ballistomycetes
410 creatures vanquished.

Vanquished Creatures (collateral kills)
  Rupert (D:13)
  Kirke (Elf:1)
  Roxanne (Elf:1)
  Donald (D:13)
  Maud (Lair:4)
  A deep elf sorcerer (Elf:2)
  An orc warlord (Orc:4)
  The ghost of B1inky the Destroyer, a powerful OpFE of Cheibriados (Lair:8)
  A deep elf demonologist (Elf:1)
  A deep elf death mage (Elf:2)
  Snorg (Orc:3)
  Josephine (D:10)
  2 deep elf high priests (Elf:1)
  Fannar (Elf:1)
  5 hydras
  3 centaur warriors (D:13)
  5 dancing weapons (Elf:2)
  2 orc high priests
  13 death yaks
  4 catoblepae
  Urug (Orc:4)
  Nergalle (D:10)
  9 deep elf knights
  2 skeletal warriors (D:13)
  An unseen horror (D:13)
  6 hill giants
  3 ice devils (IceCv)
  3 deep elf summoners
  4 ice statues
  A mana viper (Elf:1)
  A wolf spider zombie (D:13)
  7 deep elf conjurers
  2 orc knights
  A necromancer (IceCv)
  2 ugly things
  An orb spider (Lair:4)
  3 griffons
  A siren (Lair:6)
  6 elephants
  4 orc sorcerers
  A sixfirhy (Elf:1)
  2 cyclopes (D:13)
  A gargoyle (D:9)
  20 spiny frogs
  4 black mambas
  4 torpor snails
  Psyche (D:8)
  11 komodo dragons
  4 fire drakes
  A small abomination (Elf:1)
  2 trolls
  5 deep elf priests
  A two-headed ogre (shapeshifter) (Elf:1)
  A freezing wraith (D:13)
  7 blue devils (IceCv)
  A hellwing (Elf:1)
  A polar bear (D:13)
  A guardian golem (Lair:8)
  2 two-headed ogres
  4 slime creatures
  2 basilisks
  10 blink frogs
  10 deep elf magi
  A wraith (D:10)
  A ynoxinul (Elf:1)
  3 shadows
  43 yaks
  2 hogs (Elf:1)
  10 deep elf fighters
  4 fire bats (D:10)
  Grum (Orc:2)
  7 vampire mosquitoes (D:13)
  13 humans
  7 hippogriffs
  4 wargs
  A fire elemental (Lair:7)
  A soldier ant (D:10)
  10 wolves
  A hell hound (D:10)
  8 porcupines
  2 hungry ghosts (D:7)
  26 orc warriors
  8 water moccasins
  2 yellow wasps
  2 eyes of draining
  2 phantoms
  41 ice beasts
  2 black bears
  A boring beetle (Lair:8)
  14 centaurs
  7 ogres
  8 giant frogs
  Duvessa (D:9)
  3 big kobolds
  8 crocodiles
  A gnoll sergeant (D:13)
  2 wyvern skeletons
  2 scorpions
  29 killer bees
  5 crimson imps
  An electric eel (Lair:5)
  3 goliath beetles
  2 lava snakes (D:10)
  Dowan (D:9)
  5 hounds
  4 jellies
  2 quasits
  A giant frog zombie (D:13)
  A gnoll shaman (D:4)
  15 orc priests
  2 giant frog skeletons (D:10)
  A spriggan simulacrum (IceCv)
  2 iguanas
  2 orange rats (Elf:2)
  20 orc wizards
  12 sheep
  A statue (D:4)
  7 worker ants
  4 troll simulacra (IceCv)
  2 centaur simulacra
  A mummy (D:10)
  9 gnolls
  A naga simulacrum (IceCv)
  10 adders
  2 ogre simulacra (IceCv)
  34 river rats
  3 shadow imps
  4 white imps
  2 ufetubi (Elf:1)
  2 adder skeletons
  3 orc zombies
  2 giant geckos
  78 orcs
  2 bats
  A giant cockroach (D:5)
  3 goblins
  3 hobgoblins
  6 jackals
  4 quokkas
  12 kobolds
  3 rats
  4 spectral orcs (D:10)
  3 ballistomycetes
  A butterfly (D:12)
  2 crawling corpses (Elf:1)
  A plant (Lair:8)
769 creatures vanquished.

Vanquished Creatures (others)
  2 deep elf demonologists
  An ogre mage (D:9)
  3 death yaks
  2 deep elf knights (Elf:1)
  A hill giant (D:9)
  26 mana vipers
  3 fire vortices (D:10)
  A blue devil (Elf:1)
  A blink frog (Lair:4)
  A slime creature (D:12)
  A deep elf mage (Elf:2)
  30 guardian golems
  A human (Elf:1)
  13 wargs
  36 wolves
  A centaur (D:11)
  93 ice beasts
  5 lightning spires
  A lost soul (Elf:2)
  A wight (D:10)
  13 crimson imps
  21 hounds
  2 iron imps
  An orange rat (Elf:2)
  2 orc wizards
  5 sheep (D:4)
  7 white imps
  8 shadow imps
  3 orcs
  A quokka (D:1)
  A bat (D:1)
  4 giant spores
  2 rats
  5 butterflies
  5 fungi
  4 plants
307 creatures vanquished.

Grand Total: 1486 creatures vanquished

Notes
Turn   | Place    | Note
--------------------------------------------------------------
     0 | D:1      | PolkaDot, the Vampire Summoner, began the quest for the Orb.
     0 | D:1      | Reached XP level 1. HP: 13/13 MP: 3/3
   284 | D:1      | Reached XP level 2. HP: 5/19 MP: 0/4
   604 | D:1      | Learned a level 2 spell: Call Imp
  1150 | D:2      | Reached skill level 5 in Summonings
  1155 | D:2      | Found a stormy altar of Qazlal.
  1175 | D:2      | Reached XP level 3. HP: 24/24 MP: 6/6
  1180 | D:2      | Learned a level 3 spell: Call Canine Familiar
  1702 | D:2      | Reached skill level 1 in Fighting
  1914 | D:3      | Reached XP level 4. HP: 33/33 MP: 7/7
  2013 | D:3      | Found an iron altar of Okawaru.
  2251 | D:4      | Noticed an ogre
  2258 | D:4      | Killed an ogre
  2258 | D:4      | Reached XP level 5. HP: 37/39 MP: 5/9
  2273 | D:4      | Noticed Natasha
  2281 | D:4      | Killed Natasha
  2300 | D:4      | Found a shimmering altar of Xom.
  2300 | D:4      | Noticed an ogre
  2319 | D:4      | Killed an ogre
  2436 | D:4      | Noticed Natasha
  2457 | D:4      | Reached XP level 6. HP: 42/48 MP: 0/10
  2471 | D:4      | Killed Natasha
  2583 | D:4      | Found a radiant altar of Vehumet.
  2583 | D:4      | Noticed a charred statue
  2631 | D:4      | Killed a charred statue
  2659 | D:4      | Noticed Natasha
  2666 | D:4      | Killed Natasha
  3143 | D:5      | Entered Level 5 of the Dungeon
  3665 | D:5      | Reached skill level 5 in Fighting
  3665 | D:5      | Reached XP level 7. HP: 35/56 MP: 12/12
  3745 | D:5      | Learned a level 4 spell: Summon Ice Beast
  3775 | D:6      | Found a basalt altar of Yredelemnul.
  3817 | D:6      | Reached skill level 5 in Dodging
  3906 | D:6      | Found a staircase to the Ecumenical Temple.
  3976 | Temple   | Entered the Ecumenical Temple
  4221 | Temple   | Became a worshipper of Sif Muna the Loreminder
  4338 | D:6      | Reached skill level 6 in Fighting
  4348 | D:6      | Reached skill level 1 in Ice Magic
  4441 | D:6      | Reached XP level 8. HP: 49/64 MP: 13/13
  5776 | D:7      | Acquired Sif Muna's first power
  6167 | D:7      | Found a glowing golden altar of the Shining One.
  6259 | D:7      | Gained mutation: You are surrounded by a mild repulsion field (EV +2). [potion of mutation]
  6259 | D:7      | Gained mutation: Space occasionally distorts in your vicinity. [potion of mutation]
  6259 | D:7      | Gained mutation: You expend magic power (6 MP) to slightly strengthen your wands. [potion of mutation]
  6260 | D:7      | Gained mutation: Your magical capacity is low (-10% MP). [potion of mutation]
  6260 | D:7      | Lost mutation: Space occasionally distorts in your vicinity. [potion of mutation]
  6260 | D:7      | Gained mutation: You occasionally shout uncontrollably at your foes. [potion of mutation]
  6509 | D:7      | Reached skill level 5 in Ice Magic
  6558 | D:7      | Acquired Sif Muna's second power
  6605 | D:7      | Reached XP level 9. HP: 64/69 MP: 16/16
  6613 | D:7      | Learned a level 4 spell: Summon Guardian Golem
  6668 | D:7      | Reached skill level 1 in Hexes
  7094 | D:8      | Found Noukhloku's Antique Weapon Shoppe.
  7101 | D:8      | Found a staircase to the Lair.
  7200 | D:8      | Found a glowing silver altar of Zin.
  7279 | D:8      | Found Quevie's Gadget Boutique.
  7537 | D:8      | Found a sacrificial altar of Ru.
  7607 | D:8      | Found Gapuklai's Magic Scroll Boutique.
  7664 | D:8      | Found Miguang's Food Emporium.
  7750 | D:8      | Reached skill level 7 in Summonings
  7877 | D:8      | Found Afion's Jewellery Boutique.
  7884 | D:8      | Bought the ring "Gice" {MR+ Str+1 Dex+3} for 404 gold pieces
  8249 | D:8      | Noticed Psyche
  8851 | D:9      | Noticed a gargoyle
  8868 | D:9      | HP: 3/69 [gargoyle/morningstar (15)]
  9175 | D:9      | Reached skill level 8 in Summonings
  9214 | D:9      | Reached skill level 5 in Hexes
  9228 | D:9      | Learned a level 2 spell: Blink
  9269 | D:9      | Noticed Dowan
  9278 | D:9      | Killed Dowan
  9379 | D:9      | Killed a gargoyle
  9456 | D:9      | Found an ancient bone altar of Kikubaaqudgha.
  9495 | D:9      | Reached skill level 9 in Summonings
  9542 | D:9      | Noticed a hill giant
  9567 | D:9      | Acquired Sif Muna's third power
  9582 | D:9      | Killed a hill giant
  9582 | D:9      | Reached XP level 10. HP: 62/76 MP: 3/18
  9636 | D:9      | Reached skill level 1 in Translocations
  9709 | D:9      | Found a runed door.
  9719 | D:9      | Noticed Duvessa
  9732 | D:9      | Killed Duvessa
 10075 | D:9      | Noticed an ogre mage
 10076 | D:9      | Noticed an orc knight
 10090 | D:9      | Killed an ogre mage
 10101 | D:9      | Killed an orc knight
 10649 | D:9      | Learned a level 2 spell: Repel Missiles
 10689 | Lair:1   | Entered Level 1 of the Lair of Beasts
 11064 | Lair:1   | Noticed a black mamba
 11082 | Lair:1   | Killed a black mamba
 11104 | Lair:1   | Reached skill level 5 in Spellcasting
 11402 | Lair:1   | Reached skill level 10 in Summonings
 12147 | Lair:1   | Reached skill level 1 in Air Magic
 12624 | Lair:2   | Reached skill level 5 in Translocations
 12635 | Lair:2   | Reached XP level 11. HP: 28/81 MP: 2/22
 12641 | Lair:2   | Learned a level 4 spell: Summon Lightning Spire
 13801 | Lair:2   | Got a faintly glowing war axe
 13802 | Lair:2   | Identified the cursed -1 war axe of Edaul {freeze, -Cast rF+} (You found it on level 2 of the Lair of Beasts)
 13980 | Lair:3   | Reached skill level 1 in Charms
 13980 | Lair:3   | Received a gift from Sif Muna
 13980 | Lair:3   | Reached skill level 1 in Invocations
 13981 | Lair:3   | Identified Sif Muna's Papyrus of Creation (Sif Muna gifted it to you on level 3 of the Lair of Beasts)
 13984 | Lair:3   | Learned a level 1 spell: Summon Butterflies
 14739 | Lair:3   | Found a snail-covered altar of Cheibriados.
 15363 | D:8      | Killed Psyche
 15453 | D:10     | Entered Level 10 of the Dungeon
 15516 | D:10     | Noticed Nergalle
 15517 | D:10     | Noticed a hill giant
 15528 | D:10     | Killed a hill giant
 15534 | D:10     | Killed Nergalle
 15534 | D:10     | Reached skill level 5 in Air Magic
 15685 | D:10     | Noticed a hill giant
 15731 | D:10     | Killed a hill giant
 15890 | D:10     | Found a staircase to the Orcish Mines.
 15964 | D:10     | Noticed Josephine
 15977 | D:10     | Killed Josephine
 16118 | D:10     | Noticed a hill giant
 16142 | D:10     | Killed a hill giant
 16419 | D:10     | Reached skill level 5 in Charms
 16428 | D:10     | Got a wavering lead ring
 16526 | D:10     | Gained mutation: You are partially covered in molten scales (AC +1). [potion of beneficial mutation]
 16960 | D:11     | Noticed a hill giant
 16973 | D:11     | Killed a hill giant
 17198 | D:11     | Reached skill level 1 in Evocations
 17438 | D:11     | Noticed a hill giant
 17448 | D:11     | Killed a hill giant
 18043 | D:12     | Found a flickering gateway to a bazaar.
 18102 | Bazaar   | Entered a bazaar
 18104 | Bazaar   | Found Ihidasm's Armour Boutique.
 18107 | Bazaar   | Found Viukkaw's Armour Boutique.
 18108 | Bazaar   | Found Qeabu's Distillery.
 18108 | Bazaar   | Found Zaoxzy's Book Boutique.
 18138 | Bazaar   | Bought a potion of beneficial mutation for 280 gold pieces
 18147 | Bazaar   | Bought a book of Hinderance for 260 gold pieces
 18152 | Bazaar   | Gained mutation: Your muscles are strong. (Str +2) [potion of beneficial mutation]
 18349 | D:12     | Noticed a five-headed hydra
 18367 | D:12     | Killed a five-headed hydra
 18627 | D:12     | Noticed a hill giant
 18633 | D:12     | Killed a hill giant
 18633 | D:12     | Reached XP level 12. HP: 71/88 MP: 18/23
 18740 | D:12     | Noticed a hill giant
 18749 | D:12     | Killed a hill giant
 19023 | D:12     | Identified the ring "Ixysonei" {Wiz rN+ Slay+2 SInv} (You found it on level 10 of the Dungeon)
 19468 | D:13     | Found a gate to the Vaults.
 19468 | D:13     | Noticed Rupert
 19468 | D:13     | Noticed Donald
 19475 | D:12     | Received a gift from Sif Muna
 20130 | D:13     | Reached skill level 5 in Invocations
 20201 | D:13     | Noticed an eight-headed hydra
 20212 | D:13     | Killed an eight-headed hydra
 20212 | D:13     | Reached skill level 11 in Summonings
 20431 | D:13     | Killed Donald
 20447 | D:13     | Learned a level 5 spell: Summon Mana Viper
 20477 | D:13     | Noticed a five-headed hydra
 20487 | D:13     | Killed a five-headed hydra
 20501 | D:13     | Noticed a centaur warrior
 20514 | D:13     | Killed a centaur warrior
 20744 | D:13     | Noticed a centaur warrior
 20755 | D:13     | Killed a centaur warrior
 21005 | D:13     | Found Betigupp's Antique Weapon Emporium.
 21135 | D:13     | Killed Rupert
 21344 | D:13     | Noticed a centaur warrior
 21352 | D:13     | Killed a centaur warrior
 21754 | Lair:4   | Found a frozen archway.
 21762 | Lair:4   | Noticed Maud
 21775 | Lair:4   | Killed Maud
 21775 | Lair:4   | Received a gift from Sif Muna
 21776 | Lair:4   | Identified Sif Muna's Compendium of Weightlessness (Sif Muna gifted it to you on level 4 of the Lair of Beasts)
 21803 | IceCv    | Entered an ice cave
 21845 | IceCv    | Reached XP level 13. HP: 69/93 MP: 17/26
 22733 | IceCv    | Got a shimmering leather armour
 22734 | IceCv    | Identified the cursed -4 leather armour "Skuggiw" {rF+ Stlth+} (You found it in an ice cave)
 23161 | Lair:4   | Found a hole to the Spider Nest.
 24460 | Lair:5   | Learned a level 3 spell: Regeneration
 24500 | Lair:5   | Reached skill level 1 in Necromancy
 24777 | Lair:5   | Reached skill level 12 in Summonings
 25973 | Lair:6   | Found a staircase to the Shoals.
 26624 | Lair:7   | Found a viscous altar of Jiyva.
 26624 | Lair:7   | Found a staircase to the Slime Pits.
 26638 | Lair:7   | Reached skill level 5 in Necromancy
 26807 | Lair:7   | Reached skill level 5 in Evocations
 27773 | Lair:8   | Entered Level 8 of the Lair of Beasts
 27980 | Lair:8   | Received a gift from Sif Muna
 27981 | Lair:8   | Identified Sif Muna's Tome of Good Luck (Sif Muna gifted it to you on level 8 of the Lair of Beasts)
 28108 | Lair:8   | Reached XP level 14. HP: 50/100 MP: 2/27
 29071 | Lair:8   | Noticed B1inky's ghost (powerful OpFE)
 29086 | Lair:8   | Killed B1inky's ghost
 29592 | Orc:1    | Entered Level 1 of the Orcish Mines
 29833 | Orc:2    | Noticed Grum
 29845 | Orc:2    | Killed Grum
 29929 | Orc:2    | Found Mof Uckurph's Antique Weapon Boutique.
 30017 | Orc:3    | Found a roughly hewn altar of Beogh.
 30136 | Orc:3    | Noticed Snorg
 30150 | Orc:3    | Killed Snorg
 30872 | Orc:4    | Entered Level 4 of the Orcish Mines
 30967 | Orc:4    | Found a staircase to the Elven Halls.
 31032 | Orc:4    | Noticed an orc warlord
 31041 | Orc:4    | Paralysed by an orc sorcerer for 2 turns
 31085 | Orc:4    | Killed an orc warlord
 31085 | Orc:4    | Reached skill level 13 in Summonings
 31334 | Orc:4    | Found a roughly hewn altar of Beogh.
 31463 | Orc:4    | Noticed Urug
 31479 | Orc:4    | Killed Urug
 31502 | Orc:4    | Found Muvvax's Antique Armour Emporium.
 31521 | Orc:4    | Found Ceduco's Book Emporium.
 31705 | Orc:4    | Found Qeizenu's Antique Weapon Emporium.
 31715 | Orc:4    | Found Ejiuwus' General Store.
 32405 | Elf:1    | Entered Level 1 of the Elven Halls
 32413 | Elf:1    | Reached skill level 10 in Spellcasting
 32489 | Elf:1    | Noticed Asterion
 32499 | Elf:1    | Killed Asterion
 32522 | Elf:1    | Noticed Roxanne
 32539 | Elf:1    | Killed Roxanne
 32640 | Elf:1    | Noticed a ghost moth
 32640 | Elf:1    | a ghost moth changed into a great orb of eyes
 33026 | Elf:1    | Learned a level 6 spell: Haste
 33082 | Elf:1    | Found Hoinonko's Antique Weapon Emporium.
 33308 | Elf:1    | Received a gift from Sif Muna
 33309 | Elf:1    | Noticed Fannar
 33329 | Elf:1    | Killed Fannar
 33354 | Elf:1    | Identified Sif Muna's Wizardry, Part Four (Sif Muna gifted it to you on level 1 of the Elven Halls)
 33487 | Orc:4    | Bought a faintly humming buckler for 209 gold pieces
 33493 | Orc:4    | Identified the +0 buckler "Puloxzo" {rPois MR+ SInv} (You bought it in a shop on level 4 of the Orcish Mines)
 33537 | Elf:1    | Noticed Kirke
 33547 | Elf:1    | Killed Kirke
 34367 | Elf:2    | Identified the Grimoire of Twisted Talismans
 34660 | Elf:2    | Found a runed gate.
 34660 | Elf:2    | Found a runed gate.
 34660 | Elf:2    | Found a runed gate.
 35011 | Elf:2    | Noticed a deep elf sorcerer
 35018 | Elf:2    | Killed a deep elf sorcerer
 35247 | Elf:2    | HP: 4/100 [long sword of holy wrath (15)]
 35248 | Elf:2    | Slain by a long sword of holy wrath

Action                   |  1- 3 |  4- 6 |  7- 9 | 10-12 | 13-15 || total
-------------------------+-------+-------+-------+-------+-------++-------
Melee: Dagger            |   171 |       |       |       |       ||   171
       Unarmed           |     1 |       |       |       |       ||     1
       Spear             |    35 |   249 |    65 |       |       ||   349
       Trident           |       |       |   301 |       |       ||   301
       Staff             |       |       |   260 |   936 |   996 ||  2192
Throw: Tomahawk          |       |       |       |     7 |    10 ||    17
 Cast: Summon Small Mamm |    15 |     1 |     1 |       |       ||    17
       Call Canine Famil |     1 |     8 |    38 |    74 |    49 ||   170
       Call Imp          |     1 |    13 |    37 |    57 |     3 ||   111
       Summon Ice Beast  |       |       |    55 |   286 |   224 ||   565
       Summon Guardian G |       |       |     6 |    46 |    33 ||    85
       Repel Missiles    |       |       |       |     3 |     1 ||     4
       Summon Lightning  |       |       |       |    21 |    17 ||    38
       Summon Butterflie |       |       |       |     4 |       ||     4
       Summon Mana Viper |       |       |       |    30 |   209 ||   239
       Regeneration      |       |       |       |       |    79 ||    79
Invok: Channel Energy    |       |       |   107 |   562 |   694 ||  1363
 Abil: End Transformatio |       |       |       |     2 |       ||     2
       Bat Form          |       |       |       |     2 |       ||     2
Evoke: Wand              |       |       |     5 |     1 |    14 ||    20
  Use: Potion            |     1 |    13 |    60 |    24 |   106 ||   204
       Scroll            |       |       |    24 |    19 |    14 ||    57
 Stab: Sleeping          |     4 |     4 |     8 |     5 |     9 ||    30
       Distracted        |       |       |     4 |    10 |     6 ||    20
  Eat: Corpse            |    14 |       |     7 |   110 |    76 ||   207
